 Dungeon Crawl Stone Soup version 0.25.0-9-g26727b657a (console) character file.

Game seed: 7961525045169441572

390 bli the Cudgeler (level 6, -3/40 HPs)
             Began as a Gargoyle Monk on June 20, 2020.
             Was a Believer of Wu Jian.
             Slain by an ogre
             ... wielding a cursed -3 giant spiked club
              (18 damage)
             ... on level 4 of the Dungeon.
             The game lasted 00:11:14 (2851 turns).

bli the Cudgeler (Gargoyle Monk)                    Turns: 2851, Time: 00:11:15

Health: -3/40      AC:  6    Str: 15    XL:     6   Next: 80%
Magic:  6/6        EV: 13    Int: 10    God:    Wu Jian [**....]
Gold:   110        SH:  0    Dex: 14    Spells: 5/5 levels left

rFire    . . .     SeeInvis .   a - +0 mace
rCold    . . .     Gourm    .   (no shield)
rNeg     + . .     Faith    .   b - +0 robe
rPois    ∞         Spirit   .   (no helmet)
rElec    +         Reflect  .   (no cloak)
rCorr    +         Harm     .   (no gloves)
MR       .....                  (no boots)
Stlth    ++........             (no amulet)
HPRegen  0.53/turn              w - ring of resist corrosion
MPRegen  0.10/turn              (no ring)

@: no status effects
A: negative energy resistance 1, regeneration 1, electricity resistance, wild
magic 1, unbreathing, petrification resistance, rot immunity, AC +4
a: Wall Jump, Renounce Religion


You were on level 4 of the Dungeon.
You worshipped Wu Jian.
Wu Jian was pleased with you.
You were hungry.

You visited 1 branch of the dungeon, and saw 4 of its levels.

You collected 110 gold pieces.

Inventory:

Hand Weapons
 a - a +0 mace (weapon)
 l - a +1 vampiric dagger
Missiles
 d - 36 sling bullets
 i - 28 stones
 p - 5 atropa-tipped darts
 u - 21 poisoned darts (quivered)
Armour
 b - a +0 robe (worn)
Jewellery
 w - a ring of resist corrosion (left hand)
Scrolls
 g - 2 scrolls of immolation {unknown}
 j - a scroll of teleportation {unknown}
 k - 4 scrolls of identify {unknown}
 m - 2 scrolls of blinking {unknown}
 o - a scroll of remove curse {unknown}
 t - a scroll of random uselessness {unknown}
Potions
 f - a potion of flight {unknown}
 h - a potion of ambrosia {unknown}
 n - a potion of curing {unknown}
 q - a potion of might {unknown}
 s - a potion of cancellation {unknown}
Comestibles
 c - 3 rations


   Skills:
 * Level 5.4 Fighting
 + Level 5.5 Maces & Flails
 - Level 3.0 Dodging
 - Level 3.0 Stealth


You had 5 spell levels left.
You didn't know any spells.
Your spell library was empty.

Dungeon Overview and Level Annotations

Branches:
Dungeon (4/15)
 Temple: D:4-7

Altars:
Kikubaaqudgha
Wu Jian
Xom

Shops:
D:4 (


Innate Abilities, Weirdness & Mutations

You are resistant to torment.
Your stone body is resilient. (AC +4)
You are immune to poison.
You resist negative energy. (rN+)
You are resistant to electric shocks. (rElec)
You can survive without breathing.
You are immune to petrification.
You are immune to rotting.
Your natural rate of healing is unusually fast.
Your spells are a little harder to cast, but a little more powerful.


Message History

Your Maces & Flails skill increases to level 5!
You feel a bit more experienced. The hound misses you.
An ogre comes into view. It is wielding a -2 giant club.
The ogre shouts!
The hound bites you. x2
The hound pauses to sniff the ground.
The hound barely misses you. The ogre barely misses you. The hound misses you.
You bump into the rock wall.
The hound bites you but does no damage.
The ogre hits you with a cursed -3 giant spiked club!
It was a potion of mutation.
You feel extremely strange.
You begin to heal more quickly.
You feel less in control of your magic. The hound barely misses you.
The hound closely misses you.
You bump into the rock wall.
You feel less confused. The ogre closely misses you.
The hound bites you but does no damage.
You thump the ogre!
The ogre is moderately wounded.
The hound completely misses you.
The ogre hits you with a cursed -3 giant spiked club!!
You die...

#.......#......#####.....#
#......#....((###......##
##....................#..#
#.........((...##....##..#
................##...##...
......O<........###.##....
........).##.....#.÷......
##........##..###..÷.....#
####.###......#..#.......
#.. ##Oh.......#.....#.
#.. #.@O.#.....#..#..# ..#
##.####.#.##..##.# ...
#..## ###.##..#..#. ##..#
#>.......... #.##
##.####.##.. #.## ###..#
## # #..# #...##
###..###...#
###..#+##...##
..###....+∩'....##
..........#'#.....#


You could see 2 ogres and a hound.

Vanquished Creatures
  Sigmund (D:4)
  A howler monkey (D:4)
  A hound (D:3)
  An orc wizard (D:4)
  2 worker ants
  3 adders (D:2)
  A worm (D:2)
  3 leopard geckos (D:2)
  4 giant cockroaches
  4 hobgoblins
  6 jackals
  2 quokkas
  9 bats
  4 frilled lizards
  7 goblins
  6 kobolds
  4 rats
59 creatures vanquished.

Vanquished Creatures (others)
  A fungus (D:4)
1 creature vanquished.

Grand Total: 60 creatures vanquished

Notes
Turn   | Place    | Note
-------+----------+-------------------------------------------
     0 | D:1      | bli the Gargoyle Monk began the quest for the Orb.
     0 | D:1      | Reached XP level 1. HP: 14/14 MP: 1/1
   216 | D:1      | Reached XP level 2. HP: 19/19 MP: 2/2
   684 | D:1      | Reached XP level 3. HP: 21/24 MP: 3/3
  1335 | D:2      | Reached XP level 4. HP: 19/29 MP: 4/4
  1905 | D:3      | Found a shimmering altar of Xom.
  2328 | D:3      | Found an ancient bone altar of Kikubaaqudgha.
  2332 | D:3      | Found an ornate altar of the Wu Jian Council.
  2347 | D:3      | Became a worshipper of the Wu Jian Council
  2347 | D:3      | Reached * piety under Wu Jian
  2347 | D:3      | Reached ** piety under Wu Jian
  2555 | D:4      | Found Mewim's Antique Weapon Shoppe.
  2576 | D:4      | Reached XP level 5. HP: 29/34 MP: 5/5
  2709 | D:4      | Noticed an ogre
  2714 | D:4      | Noticed Sigmund
  2743 | D:2      | Reached XP level 6. HP: 34/40 MP: 6/6
  2844 | D:4      | Killed Sigmund
  2844 | D:4      | Reached skill level 5 in Fighting
  2844 | D:4      | Reached skill level 5 in Maces & Flails
  2849 | D:4      | Gained mutation: Your natural rate of healing is unusually
                  | fast. [potion of mutation]
  2849 | D:4      | Gained mutation: Your spells are a little harder to cast,
                  | but a little more powerful. [potion of mutation]
  2851 | D:4      | Slain by an ogre

Illustrated notes

Levels and vault maps discovered:
D:1:      evilmike_arrival_fibonacci_small, layout_basic, kennysheep_flooded_box
D:2:      layout_loops_ring, serial_glass, glass_columns_a, glass_columns_a
D:3:      layout_basic, grunt_temple_overflow_open, xom_teletrap_fun
D:4:      layout_cave_pools, grunt_temple_overflow_forces_of_nature,
          gammafunk_temple_overflow_pools, first_ration,
          nicolae_ossuary_entry_catacombs, serial_shops,
          nicolae_shop_behind_doors, kennysheep_generic_room_2, uniq_sigmund,
          uniq_crazy_yiuf_cottage

Skill      XL: |  1  2  3  4  5  6 |
---------------+-------------------+-----
Fighting       | 4 5 |  5.4
Dodging        | 3 |  3.0
Stealth        | 3 |  3.0
Maces & Flails | 4 5 |  5.5

Action                   |  1- 3 |  4- 6 || total
-------------------------+-------+-------++-------
Melee: Mace              |   145 |    98 ||   243
Throw: Stone             |     1 |       ||     1
       Dart              |       |    10 ||    10
Invok: Lunge             |       |     3 ||     3
       Whirlwind         |       |    10 ||    10
  Use: Potion            |       |     2 ||     2
 Stab: Sleeping          |     9 |     3 ||    12
  Eat: Chunk             |     2 |     4 ||     6
Armor: Robe              |    48 |    40 ||    88
Dodge: Dodged            |   102 |    86 ||   188
